 Dungeon Crawl Stone Soup version 0.29.0-4-gdea44cf6ec (webtiles) character file.

Game seed: 4536581412345245101

2 qw the Caller (level 1, -2/14 HPs)
             Began as a Ghoul Summoner on Sept 9, 2022.
             Slain by a jackal (3 damage)
             ... on level 1 of the Dungeon.
             The game lasted 00:00:04 (110 turns).

qw the Caller (Ghoul Summoner)                       Turns: 110, Time: 00:00:04

Health: -2/14      AC:  2    Str: 11    XL:     1   Next: 40%
Magic:  0/2        EV: 12    Int: 10    God:
Gold:   0          SH:  0    Dex:  9    Spells: 2/3 levels left

rFire   . . .      SeeInvis .   c - +1 long sword (vorpal)
rCold   + . .      Faith    .   (no shield)
rNeg    + + +      Spirit   .   a - +0 robe
rPois   inf        Reflect  .   (no helmet)
rElec   .          Harm     .   (no cloak)
rCorr   .          Rampage  .   (no gloves)
Will    .....                   (no boots)
Stlth   ++........              (no amulet)
HPRegen 0.00/turn               (no ring)
MPRegen 0.08/turn               (no ring)

@: inhibited regen
A: claws 1, cold resistance 1, negative energy resistance 3, inhibited
regeneration, torment resistance 2, devour on kill
a: no special abilities


You were on level 1 of the Dungeon.
You visited 1 branch of the dungeon, and saw 1 of its levels.


Innate Abilities, Weirdness & Mutations

You are immune to poison.
You have sharp fingernails.
Your flesh is cold resistant. (rC+)
You are immune to negative energy. (rN+++)
You do not regenerate when monsters are visible.
You are immune to unholy pain and torment.
You thrive by killing the living.


   Skills:
 + Level 0.6 Axes
 - Level 1.7 Dodging
 - Level 2.1 Stealth
 - Level 1.7 Spellcasting
 - Level 3.6 Summonings


You had 2 spell levels left.
You knew the following spells:

 Your Spells              Type           Power      Damage    Failure   Level
a - Summon Small Mammal   Summ           32%        N/A       8%          1

Your spell library contained the following spells:

 Spells                   Type           Power      Damage    Failure   Level
 Call Imp                 Summ           8%         N/A       11%         2
 Call Canine Familiar     Summ           8%         N/A       22%         3
 Summon Guardian Golem    Hex/Summ       4%         N/A       43%         3
 Summon Lightning Spire   Summ/Air       4%         N/A       83%         4

Inventory:

Hand Weapons
 c - a +1 vorpal long sword (weapon)
Armour
 a - a +0 robe (worn)
Potions
 b - a potion of magic
 d - a potion of invisibility {unknown}

Dungeon Overview and Level Annotations

Branches:
Dungeon (1/15)

Altars:


Message History

Your rat's corpse disappears in a puff of smoke!
The jackal bites you but does no damage.
The jackal bites you. The jackal misses you.
You hit the jackal.
You kill the jackal!
The jackal bites you but does no damage.
The jackal barely misses you.
104 ||| CASTING Summon Small Mammal
Casting: Summon Small Mammal (safe; 8% risk of failure)
Confirm with . or Enter, or press ? or * to list all spells.
The jackal misses you. The jackal barely misses you.
You barely miss the jackal. Your bat misses the jackal.
Your bat hits the jackal but does no damage.
The jackal barely misses you. The jackal bites you.
The jackal barely misses you. The jackal bites you.
You closely miss the jackal. The jackal closely misses you.
Your bat closely misses the jackal.
The jackal closely misses you. The jackal completely misses you.
The jackal bites you.
You barely miss the jackal.
The jackal barely misses you. x2; The jackal bites you.
Your bat hits the jackal but does no damage.
The jackal barely misses you.
You closely miss the jackal.
Your bat hits the jackal but does no damage.
The jackal bites you.
The jackal bites you but does no damage.
A quokka comes into view.
The jackal barely misses you.
The jackal bites you but does no damage.
You barely miss the jackal.
Your bat barely misses the jackal.
The jackal barely misses you. The jackal closely misses you.
The jackal misses you. The jackal bites you.
Your bat hits the jackal but does no damage.
You hit the jackal. You claw the jackal.
The jackal is almost dead.
Your bat closely misses the jackal.
The jackal bites you.
Your bat completely misses the jackal.
The jackal bites you.
You die...

..#.####.# #.!?....g####
###############
..............##
#########'###..#
...........###.# .
##########.###.######...
.........+.###..(..[....
########.#.###..@h..r...
#......#.#.###...hb.....
#.#.##.#.#.#######...###
#.#.<#.#.#.## .!.#
#....#.#.#.## ....
######.#.#.## .....
.......#.#.## .###
########.#.## .#
.........#.##


You could see a quokka, 2 jackals and a friendly bat (summoned).

Vanquished Creatures
  2 jackals (D:1)
2 creatures vanquished.

Notes
Turn   | Place    | Note
-------+----------+-------------------------------------------
     0 | D:1      | qw the Ghoul Summoner began the quest for the Orb.
     0 | D:1      | Reached XP level 1. HP: 14/14 MP: 2/2
     0 | D:1      | 0 ||| qw: Version: 0.1-a-113-g051387a
     0 | D:1      | 0 ||| qw: Game counter: 6979
     0 | D:1      | 0 ||| qw: Always use a shield: true
     0 | D:1      | 0 ||| qw: God list: Okawaru
     0 | D:1      | 0 ||| qw: Allow faded altars: false
     0 | D:1      | 0 ||| qw: Do Orc after D:15 true
     0 | D:1      | 0 ||| qw: Do second Lair branch before Depths: true
     0 | D:1      | 0 ||| qw: Lair rune preference: random
     0 | D:1      | 0 ||| qw: Plans: Normal
     0 | D:1      | 0 ||| PLANNING D:1-11
    11 | D:1      | 11 ||| Wielding weapon +1 vorpal long sword.
    66 | D:1      | 66 ||| CASTING Summon Small Mammal
    67 | D:1      | 67 ||| CASTING Summon Small Mammal
    92 | D:1      | 92 ||| CASTING Summon Small Mammal
    93 | D:1      | 93 ||| CASTING Summon Small Mammal
   104 | D:1      | 104 ||| CASTING Summon Small Mammal
   109 | D:1      | HP: 2/14 [jackal (2)]
   110 | D:1      | Slain by a jackal

Levels and vault maps discovered:
D:1:      zelgadis_glass_arrival_large, layout_basic,
          ebering_ecumenical_altar_hall, minmay_box_of_dots

Action                   || total
-------------------------++-------
Melee: Long sword        ||    11
       Punch             ||     1
 Cast: Summon Small Mamm ||     4
Armor: Robe              ||     4
Dodge: Dodged            ||    21

Table legend:
 A = Non-vault XP
 B = Vault XP
 C = Vault XP percentage of total XP
 D = Non-vault monster count
 E = Vault monster count
 F = Vault count percentage of total count
                 A         B        C        D         E       F
            +---------+---------+-------+---------+---------+-------
      Total |       4 |       0 |   0.0 |       2 |       0 |   0.0
            +---------+---------+-------+---------+---------+-------
        D:1 |       4 |       0 |   0.0 |       2 |       0 |   0.0
            +---------+---------+-------+---------+---------+-------
